 Dungeon Crawl Stone Soup version 0.26-a0-662-g8b9c6dab81 (webtiles) character file.

Game seed: 4828250956191761316

5 dinky the Stinger (level 1, -4/9 HPs)
             Began as a Vine Stalker Venom Mage on Oct 9, 2020.
             Slain by a bullfrog zombie (6 damage)
             ... on level 2 of the Dungeon.
             The game lasted 00:00:57 (122 turns).

dinky the Stinger (Vine Stalker Venom Mage)          Turns: 122, Time: 00:00:58

Health: -4/9       AC:  2    Str: 10    XL:     1   Next: 80%
Magic:  0/5        EV: 12    Int: 15    God:
Gold:   26         SH:  0    Dex: 14    Spells: 4/5 levels left

rFire    . . .     SeeInvis .   e - +3 whip (freeze)
rCold    . . .     Faith    +   (no shield)
rNeg     . . .     Spirit   +   a - +0 robe
rPois    .         Reflect  .   (no helmet)
rElec    .         Harm     .   (no cloak)
rCorr    .         Rampage  .   (no gloves)
MR       .....                  (no boots)
Stlth    ++........             g - amulet of faith
HPRegen  0.03/turn              (no ring)
MPRegen  0.09/turn              (no ring)

@: no status effects
A: fangs 2, magic shield, antimagic bite, no potion heal 3, rot immunity
a: no special abilities


You were on level 2 of the Dungeon.
You visited 1 branch of the dungeon, and saw 2 of its levels.

You collected 26 gold pieces.

Inventory:

Hand Weapons
 e - a +3 whip of freezing (weapon)
Armour
 a - a +0 robe (worn)
Jewellery
 g - an amulet of faith (around neck)
Scrolls
 i - a scroll of magic mapping {unknown}
Potions
 b - a potion of degeneration {unknown}
 c - a potion of stabbing {unknown}
 d - a potion of curing {unknown}
 f - a potion of cancellation {unknown}
 h - a potion of lignification {unknown}


   Skills:
 - Level 1.5 Dodging
 - Level 2.4 Stealth
 + Level 2.7 Spellcasting
 - Level 1.0 Transmutations
 - Level 3.0 Poison Magic


You had 4 spell levels left.
You knew the following spells:

 Your Spells              Type           Power        Failure   Level
a - Sting                 Tmut/Pois      #...         9%          1

Your spell library contained the following spells:

 Spells                   Type           Power        Failure   Level
 Poisonous Vapours        Pois/Air       #.....       17%         2
 Ignite Poison            Fire/Tmut/Pois #.......     34%         3
 Mephitic Cloud           Conj/Pois/Air  #.......     38%         3
 Olgreb's Toxic Radiance  Pois           ##......     52%         4


Dungeon Overview and Level Annotations

Branches:
Dungeon (2/15)

Altars:


Innate Abilities, Weirdness & Mutations

You have extremely sharp teeth.
When hurt, damage is shared between your health and your magic reserves.
Your bite disrupts and absorbs the magic of your enemies.
Potions cannot restore your health.
You are immune to rotting.


Message History

Confirm with . or Enter, or press ? or * to list all spells.
Aiming: Sting (safe; 9% risk of failure)
Press: ? - help, Shift-Dir - straight line, f - bullfrog zombie
Aim: a bullfrog zombie (dormant)
The sting hits the bullfrog zombie.
The bullfrog zombie partially resists.
The bullfrog zombie is lightly damaged.
Press: ? - help, v - describe, . - travel
Here: a bullfrog zombie (lightly damaged)
The floor.
Casting: Sting (safe; 9% risk of failure)
Confirm with . or Enter, or press ? or * to list all spells.
Press: ? - help, Shift-Dir - straight line, f - giant cockroach, p - bullfrog zombie
Aim: a giant cockroach (asleep)
The sting hits the giant cockroach.
The giant cockroach is poisoned.
The giant cockroach is heavily wounded.
The bullfrog zombie hits you.
* * * LOW HITPOINT WARNING * * *
The bullfrog zombie hits you.
Ouch! That really hurt!
You die...

..
..#
.##
..
...
.. ..
.# #.
.#
#.#.#
#>Z.#
#@.#
#B.#
##.#
.# ##


You could see a bullfrog zombie and a giant cockroach (poisoned).

Vanquished Creatures
  A giant cockroach (D:1)
  2 kobolds (D:1)
  A frilled lizard (D:1)
  A rat (D:1)
5 creatures vanquished.

Notes
Turn   | Place    | Note
-------+----------+-------------------------------------------
     0 | D:1      | dinky the Vine Stalker Venom Mage began the quest for the
                  | Orb.
     0 | D:1      | Reached XP level 1. HP: 9/9 MP: 4/4
   122 | D:2      | Slain by a bullfrog zombie

Illustrated notes

Levels and vault maps discovered:
D:1:      dpeg_arrival_tiny_a, layout_basic, serial_forest,
          infiniplex_forest_straight_3, infiniplex_forest_lined_ring,
          infiniplex_forest_corner_1, infiniplex_forest_lined_room_,
          infiniplex_forest_end_3
D:2:      layout_rooms

Action                   || total
-------------------------++-------
Melee: Unarmed           ||     8
       Bite              ||     2
 Cast: Sting             ||     7
 Stab: Sleeping          ||     1
Armor: Robe              ||     2
Dodge: Dodged            ||     8

Table legend: (Time is in decaauts)
 A = Elapsed time spent in this place.
 B = Non-inter-level travel time spent in this place.
 C = Inter-level travel time spent in this place.
 D = Time resting spent in this place.
 E = Time spent auto-exploring this place.
 F = Levels seen in this place.
 G = Mean time per level.
                   A        B        C        D        E       F      G
               +--------+--------+--------+--------+--------+-----+--------+
         Total |    121 |    121 |      0 |      0 |      0 |   2 |   60.5 |
       Dungeon |    121 |    121 |      0 |      0 |      0 |   2 |   60.5 |
               +--------+--------+--------+--------+--------+-----+--------+

Top non-repeatable levels by time:
     D:1: 118 daAuts
     D:2: 2 daAuts
